 Dungeon Crawl Stone Soup version 0.26-a0-30-g56b8cd3df0 (webtiles) character file.

Game seed: 5120114685910417020, levelgen mode: deterministic

343 Lugonue the Insei (level 6, -1/44 HPs)
             Began as a Demonspawn Gladiator on June 3, 2020.
             Was an Initiate of Cheibriados.
             Splashed by a jelly's acid (6 damage)
             ... on level 3 of the Dungeon.
             The game lasted 00:04:05 (3021 turns).

Lugonue the Insei (Demonspawn Gladiator)            Turns: 3021, Time: 00:04:05

Health: -1/44      AC: -8    Str: 15    XL:     6   Next: 31%
Magic:  0/6        EV: 12    Int: 13    God:    Cheibriados [......]
Gold:   73         SH:  0    Dex: 15    Spells: 5/5 levels left

rFire    . . .     SeeInvis .     - Unarmed
rCold    . . .     Gourm    .   (no shield)
rNeg     . . .     Faith    .   a - +1 leather armour
rPois    .         Spirit   +   (helmet restricted)
rElec    .         Reflect  .   (no cloak)
rCorr    .         Harm     .   (no gloves)
MR       .....                  (no boots)
Stlth    +.........             f - amulet of guardian spirit
HPRegen  0.14/turn              (no ring)
MPRegen  0.10/turn              (no ring)

@: brilliant, corroded, very slow
A: antennae 2, talons 1, powered by death 1
a: Bend Time, Renounce Religion


You were on level 3 of the Dungeon.
You worshipped Cheibriados.
Cheibriados was noncommittal.
You were not hungry.

You visited 1 branch of the dungeon, and saw 3 of its levels.

You collected 73 gold pieces.

Inventory:

Missiles
 c - a throwing net
 e - 17 poisoned darts (quivered)
Armour
 a - a +1 leather armour (worn)
Jewellery
 f - an amulet of guardian spirit (around neck)
Scrolls
 g - 2 scrolls of identify
 h - a scroll of magic mapping
 o - a scroll of blinking {unknown}
 p - a scroll of immolation {unknown}
Comestibles
 b - a chunk of flesh
 d - 10 rations


   Skills:
 - Level 2.0 Fighting
 - Level 1.7 Throwing
 - Level 2.6 Dodging
 + Level 6.5 Unarmed Combat


You had 5 spell levels left.
You didn't know any spells.
Your spell library was empty.

Dungeon Overview and Level Annotations

Branches:
Dungeon (3/15)

Altars:
Cheibriados


Innate Abilities, Weirdness & Mutations

You have a pair of antennae on your head.
You have sharp toenails.
You regenerate a little health from kills.


Message History

The jelly hits you. The acid corrodes you!
You are splashed with acid!
You are too injured to fight recklessly!
You aren't carrying any items that you can evoke.
Okay, then.
You hit the jelly.
Your hands burn!
The jelly is heavily wounded.
The jelly hits you.
You are splashed with acid!
* * * LOW HITPOINT WARNING * * *
Okay, then.
Okay, then.
Okay, then.
Unknown command.
You aren't carrying any items that you can evoke.
Unknown command.
It was a potion of brilliance.
You feel clever all of a sudden. The jelly hits you.
* * * LOW HITPOINT WARNING * * *
You are splashed with acid!
You die...

#######'# 8...8
#.....(.. #...#
#........ #...#
#........
##...######........
#8...8#...'....[...
#...########......
8###8##...##8###8#..^...
.....(J@...........###'#
..((....................
.(.......(..............
8###8##...##8###8#......
## #...#### ###......
#8...8 #........ ##...##
#........ #...#
######### #


You could see a jelly.

Vanquished Creatures
  Grinder (D:3)
  Jessica (D:2)
  Terence (D:2)
  An adder (D:3)
  2 oozes (D:2)
  3 worms
  2 dart slugs
  3 leopard geckos
  An orc (D:2)
  2 giant cockroaches
  7 goblins
  4 hobgoblins
  12 jackals
  6 kobolds
  A quokka (D:2)
  6 bats
  3 frilled lizards
  9 rats
65 creatures vanquished.

Notes
Turn   | Place    | Note
-------+----------+-------------------------------------------
     0 | D:1      | Lugonue the Demonspawn Gladiator began the quest for the
                  | Orb.
     0 | D:1      | Reached XP level 1. HP: 16/16 MP: 1/1
    66 | D:1      | Reached skill level 3 in Unarmed Combat
   351 | D:1      | Gained mutation: You have sharp toenails. [demonic
                  | ancestry]
   351 | D:1      | Reached XP level 2. HP: 19/22 MP: 2/2
  1485 | D:2      | Gained mutation: You regenerate a little health from kills.
                  | [demonic ancestry]
  1485 | D:2      | Reached XP level 3. HP: 26/27 MP: 3/3
  1646 | D:2      | Reached skill level 4 in Unarmed Combat
  1929 | D:2      | Noticed Terence
  1936 | D:2      | Killed Terence
  1936 | D:2      | Gained mutation: You have a pair of small antennae on your
                  | head. [demonic ancestry]
  1936 | D:2      | Reached XP level 4. HP: 28/33 MP: 4/4
  2133 | D:2      | Noticed Jessica
  2160 | D:2      | Killed Jessica
  2160 | D:2      | Reached skill level 5 in Unarmed Combat
  2661 | D:3      | Found a snail-covered altar of Cheibriados.
  2701 | D:3      | Noticed Grinder
  2714 | D:3      | Paralysed by Grinder for 2 turns
  2725 | D:3      | Killed Grinder
  2725 | D:3      | Reached skill level 6 in Unarmed Combat
  2725 | D:3      | Reached XP level 5. HP: 38/38 MP: 3/5
  2725 | D:3      | Gained mutation: You have a pair of antennae on your head.
                  | [demonic ancestry]
  2725 | D:3      | Reached XP level 6. HP: 44/44 MP: 3/6
  2808 | D:3      | Became a worshipper of Cheibriados the Contemplative
  3021 | D:3      | Splashed by a jelly's acid

Illustrated notes

Levels and vault maps discovered:
D:1:      dpeg_arrival_boxorama, layout_basic, serial_forest,
          infiniplex_forest_lined_room_2, infiniplex_forest_lined_2,
          infiniplex_forest_end_1, infiniplex_forest_lined_room_2,
          infiniplex_forest_clump_diagonal, infiniplex_forest_lined_corner,
          infiniplex_forest_lined_3_way
D:2:      layout_basic, first_ration, uniq_terence, uniq_jessica
D:3:      layout_basic, marbit_many_paths, serial_corexii_hall,
          corexii_hall_statues_x, chequers_hall_statues_y,
          kennysheep_slug_shrine, uniq_grinder

Skill      XL: |  1  2  3  4 |
---------------+-------------+-----
Unarmed Combat | 3 4 6 |  6.5
Fighting       | |  2.0
Throwing       | |  1.7
Dodging        | |  2.6

Action                   |  1- 3 |  4- 6 || total
-------------------------+-------+-------++-------
Melee: Unarmed           |   135 |    75 ||   210
       Kick              |    23 |    17 ||    40
       Punch             |     1 |       ||     1
Throw: Dart              |    26 |    22 ||    48
       Throwing net      |     3 |       ||     3
  Use: Scroll            |     2 |     2 ||     4
       Potion            |       |     2 ||     2
 Stab: Held in net/web   |     1 |       ||     1
       Sleeping          |       |     2 ||     2
  Eat: Chunk             |     3 |     4 ||     7
Armor: Leather armour    |    55 |     3 ||    58
       Robe              |    12 |     5 ||    17
       Skin              |       |     6 ||     6
Dodge: Dodged            |   120 |    47 ||   167

Table legend:
 A = Non-vault XP
 B = Vault XP
 C = Vault XP percentage of total XP
 D = Non-vault monster count
 E = Vault monster count
 F = Vault count percentage of total count
                 A         B        C        D         E       F
            +---------+---------+-------+---------+---------+-------
      Total |     141 |     349 |  71.2 |      61 |       4 |   6.2
            +---------+---------+-------+---------+---------+-------
        D:1 |      32 |       0 |   0.0 |      18 |       0 |   0.0
        D:2 |      74 |      73 |  49.7 |      32 |       2 |   5.9
        D:3 |      35 |     276 |  88.7 |      11 |       2 |  15.4
            +---------+---------+-------+---------+---------+-------
